AoeStats
← KootH.

Arena

505036778Analyzed
4v4 RM · 25d ago on Sep 7, 2026· 75m 52s· 8 players
Game mode
Random Map
Map size
Large (8 player)
Population
200
Speed
Normal
Resources
Standard
Victory
Conquest
Starting age
Dark Age
Ending age
Imperial Age
RankedLock teamsTeams togetherTeam positionsShared explorationLock speedFull tech treeHidden civsTurbo modeCheats
Victory
Defeat
🇭🇰 Britons · Hong Kong SAR China
1510
+16
🇨🇳 Persians · China
1468
+17
🇨🇳 Byzantines · China
1432
+19
🇻🇳 Mongols · Vietnam
1406
+20
🇧🇷 Celts · Brazil
1541
-20
🇨🇴 Burgundians · Colombia
1526
-19
🇧🇷 Saracens · Brazil
1503
-18
🇧🇷 Persians · Brazil
1419
-15
昙花生
9:09 Feudal Age
11:04 Loom
13:40 Castle Age
11:54 Double-Bit Axe
12:27 Horse Collar
21:50 Wheelbarrow
22:23 Heavy Plow
22:58 Bow Saw
28:06 Imperial Age
25:23 Town Watch
25:32 Gold Mining
26:51 Hand Cart
27:26 Gold Shaft Mining
27:13 Scale Barding Armor
27:19 Forging
27:44 Bloodlines
27:34 Husbandry
27:47 Cavalier
28:55 Conscription
30:48 Chemistry
29:31 Savar
31:11 Chain Barding Armor
31:27 Iron Casting
33:08 Plate Barding Armor
33:57 Two-Man Saw
35:33 Blast Furnace
34:24 Fletching
34:35 Padded Archer Armor
35:49 Coinage
35:30 Guilds
35:20 Caravan
35:43 Ballistics
35:19 Murder Holes
35:34 Masonry
35:29 Kamandaran
35:26 Stone Mining
35:38 Elite Skirmisher
36:24 Thumb Ring
38:10 Bodkin Arrow
38:31 Leather Archer Armor
38:28 Town Patrol
39:34 Stone Shaft Mining
39:22 Crossbowman
41:48 Hoardings
40:33 Elite War Elephant
41:26 Citadels
42:27 Ring Archer Armor
43:33 Banking
44:18 Light Cavalry
46:26 Hussar
55:47 Scale Mail Armor
59:52 Crop Rotation
59:08 Sappers
LagiPup
11:21 Feudal Age
15:16 Castle Age
12:58 Horse Collar
13:17 Double-Bit Axe
15:37 Wheelbarrow
15:40 Wheelbarrow
16:21 Bow Saw
24:04 Loom
27:28 Imperial Age
25:07 Fletching
25:59 Ballistics
25:31 Gold Mining
25:44 Town Watch
25:59 Stone Mining
26:26 Bodkin Arrow
26:32 Padded Archer Armor
27:21 Yeomen
27:46 Hand Cart
27:52 Elite Longbowman
29:13 Bracer
30:47 Chemistry
30:50 Town Patrol
31:51 Two-Man Saw
31:27 Conscription
32:28 Leather Archer Armor
34:21 Hoardings
34:17 Ring Archer Armor
33:58 Forging
33:48 Scale Mail Armor
35:04 Warwolf
36:18 Squires
36:03 Arson
36:54 Iron Casting
38:27 Gambesons
38:03 Pikeman
38:59 Chain Mail Armor
39:44 Blast Furnace
39:27 Heavy Plow
40:03 Gold Shaft Mining
39:34 Siege Engineers
39:40 Masonry
39:10 Treadmill Crane
39:25 Murder Holes
41:18 Plate Mail Armor
43:43 Halberdier
51:31 Man-at-Arms
56:34 Scale Barding Armor
56:37 Light Cavalry
57:17 Husbandry
57:42 Chain Barding Armor
68:24 Long Swordsman
71:41 Plate Barding Armor
70:27 Two-Handed Swordsman
71:20 Champion
This is Kawaii
9:58 Feudal Age
13:40 Castle Age
11:38 Double-Bit Axe
12:27 Horse Collar
14:44 Bow Saw
22:07 Fletching
25:08 Bodkin Arrow
27:15 Wheelbarrow
31:41 Imperial Age
29:24 Loom
29:44 Gold Mining
30:00 Husbandry
31:18 Thumb Ring
31:25 Bloodlines
31:16 Padded Archer Armor
31:42 Ballistics
32:59 Bracer
35:07 Chemistry
55:42 Hand Cart
58:53 Caravan
59:17 Light Cavalry
61:19 Scale Barding Armor
61:26 Forging
61:43 Elite Mangudai
64:03 Conscription
65:18 Chain Barding Armor
65:59 Leather Archer Armor
66:20 Iron Casting
68:42 Heavy Plow
69:33 Iron Casting
72:06 Blast Furnace
74:08 Hussar
75:45 Parthian Tactics
Hululu
11:41 Feudal Age
12:26 Double-Bit Axe
16:29 Castle Age
15:05 Gold Mining
15:19 Gold Mining
18:26 Bow Saw
18:08 Loom
21:34 Imperial Age
18:50 Loom
23:16 Chemistry
25:05 Padded Archer Armor
34:12 Gold Shaft Mining
35:22 Pikeman
38:37 Scale Mail Armor
38:50 Forging
48:18 Redemption
57:20 Two-Man Saw
57:18 Chain Mail Armor
57:39 Iron Casting
57:54 Wheelbarrow
58:10 Stone Mining
KootH.
4:51 Double-Bit Axe
9:53 Feudal Age
14:10 Castle Age
12:45 Bow Saw
12:52 Horse Collar
17:30 Husbandry
19:54 Wheelbarrow
21:39 Heavy Plow
22:30 Loom
28:53 Imperial Age
26:29 Pikeman
27:10 Squires
26:47 Cavalier
28:35 Burgundian Vineyards
29:24 Paladin
30:04 Halberdier
33:39 Scale Barding Armor
33:45 Forging
35:33 Scale Mail Armor
36:09 Iron Casting
40:18 Chain Barding Armor
41:06 Blast Furnace
42:01 Chain Mail Armor
42:22 Plate Barding Armor
47:34 Fletching
52:16 Plate Mail Armor
52:03 Capped Ram
53:58 Light Cavalry
57:55 Elite Skirmisher
60:31 Bodkin Arrow
60:36 Padded Archer Armor
61:14 Bracer
62:48 Hand Cart
63:43 Chemistry
63:32 Ballistics
67:33 Arson
72:49 Two-Man Saw
73:21 Leather Archer Armor
GAX | BiduZera
9:57 Feudal Age
11:22 Double-Bit Axe
13:59 Castle Age
11:50 Horse Collar
14:49 Bow Saw
20:52 Loom
22:10 Wheelbarrow
21:54 Heavy Plow
27:18 Imperial Age
25:24 Scale Barding Armor
25:34 Loom
25:41 Loom
25:49 Gold Mining
25:50 Stone Mining
27:52 Chain Barding Armor
27:48 Bloodlines
28:12 Cavalier
28:52 Husbandry
29:37 Conscription
30:53 Plate Barding Armor
33:24 Forging
34:32 Gold Shaft Mining
34:33 Stone Shaft Mining
34:19 Savar
35:35 Iron Casting
38:50 Chemistry
37:41 Fletching
39:53 Blast Furnace
40:39 Coinage
42:06 Banking
42:21 Hoardings
41:58 Masonry
47:04 Light Cavalry
47:22 Elite Skirmisher
49:08 Two-Man Saw
48:28 Bodkin Arrow
48:58 Ballistics
49:03 Padded Archer Armor
49:09 Thumb Ring
49:56 Hand Cart
50:35 Leather Archer Armor
51:39 Crop Rotation
53:18 Hussar
55:19 Blast Furnace
55:41 Ring Archer Armor
56:34 Architecture
56:00 Murder Holes
61:46 Capped Ram
62:57 Siege Ram
69:38 Town Watch
[LCDR] Alone
8:38 Loom
10:26 Feudal Age
14:04 Castle Age
12:38 Double-Bit Axe
12:53 Horse Collar
19:13 Wheelbarrow
18:25 Loom
20:11 Bow Saw
26:59 Imperial Age
24:36 Gold Mining
25:18 Scale Mail Armor
25:45 Forging
27:06 Chain Mail Armor
28:19 Plate Mail Armor
28:00 Capped Ram
28:51 Siege Ram
31:51 Iron Casting
33:14 Furor Celtica
33:24 Conscription
36:40 Heavy Scorpion
38:24 Ballistics
39:05 Chemistry
38:14 Siege Engineers
44:44 Pikeman
45:15 Halberdier
48:49 Blast Furnace
57:36 Heavy Plow
58:13 Gold Shaft Mining
Paradigma
10:31 Feudal Age
14:02 Castle Age
12:45 Double-Bit Axe
13:11 Horse Collar
15:04 Bow Saw
21:31 Wheelbarrow
21:01 Stone Mining
22:10 Gold Mining
22:59 Loom
24:08 Hand Cart
23:56 Heavy Plow
25:28 Gold Shaft Mining
28:50 Imperial Age
26:14 Fletching
26:24 Padded Archer Armor
27:10 Bimaristan
27:41 Bodkin Arrow
28:02 Leather Archer Armor
27:52 Scale Barding Armor
28:12 Elite Skirmisher
29:24 Thumb Ring
29:34 Bracer
30:09 Conscription
30:34 Ballistics
31:15 Chemistry
31:53 Ring Archer Armor
34:22 Forging
34:32 Chain Barding Armor
35:26 Bloodlines
35:16 Husbandry
35:42 Elite Mameluke
37:00 Hoardings
42:35 Hoardings
Connection lost

Rejoining the realm…

Still unreachable

The connection could not be restored.

Session expired

The server has moved on; the page needs a fresh start.